 Dungeon Crawl Stone Soup version 0.27-a0-1177-g245c70e1c0 (webtiles) character file.

Game seed: 16572857137934114779

74 Glokmah the Skirmisher (level 4, 0/37 HPs)
             Began as a Demonspawn Monk on May 16, 2021.
             Was a Priest of Wu Jian.
             Slain by a black bear (4 damage)
             ... on level 3 of the Dungeon.
             The game lasted 00:06:22 (3813 turns).

Glokmah the Skirmisher (Demonspawn Monk)            Turns: 3813, Time: 00:06:23

Health: 0/37       AC:  6    Str: 12    XL:     4   Next: 9%
Magic:  4/4        EV: 11    Int: 12    God:    Wu Jian [***...]
Gold:   128        SH:  0    Dex: 15    Spells: 3/3 levels left

rFire    . . .     SeeInvis .   a - +0 dagger
rCold    . . .     Faith    .   (no shield)
rNeg     . . .     Spirit   .   e - +0 ring mail
rPois    .         Reflect  .   (no helmet)
rElec    .         Harm     .   g - +0 cloak
rCorr    .         Rampage  .   (no gloves)
Will     +....                  (no boots)
Stlth    +.........             (no amulet)
HPRegen  0.12/turn              m - ring of willpower
MPRegen  0.09/turn              (no ring)

@: exhausted
A: hooves 2
a: Renounce Religion, Wall Jump, Serpent's Lash


You were on level 3 of the Dungeon.
You worshipped Wu Jian.
Wu Jian was most pleased with you.
You visited 1 branch of the dungeon, and saw 3 of its levels.

You collected 128 gold pieces.

Inventory:

Hand Weapons
 a - a +0 dagger (weapon)
Missiles
 i - 16 poisoned darts (quivered)
 j - 6 javelins
Armour
 e - a +0 ring mail (worn)
 g - a +0 cloak (worn)
Jewellery
 m - a ring of willpower (left hand)
Potions
 f - 3 potions of curing
 h - a potion of degeneration
 k - a potion of attraction
 n - a potion of magic
 o - a potion of invisibility


   Skills:
 + Level 3.7 Fighting
 * Level 1.1 Short Blades
 - Level 2.9 Axes
 + Level 1.7 Armour
 - Level 2.6 Dodging
 + Level 2.1 Stealth


You had 3 spell levels left.
You didn't know any spells.
Your spell library contained the following spells:

 Spells                   Type           Power      Damage    Failure   Level
 Sandblast                Erth           0%         2d4       58%         1
 Passwall                 Tmut/Erth      0%         N/A       73%         2
 Stone Arrow              Conj/Erth      0%         3d7       91%         3
 Petrify                  Tmut/Erth      0%         N/A       100%        4
 Lee's Rapid Deconstruct  Erth           0%         3d5*      100%        5


Dungeon Overview and Level Annotations

Branches:
Dungeon (3/15)

Altars:
Wu Jian

Shops:
D:2 :

Annotations:
D:3 Grinder


Innate Abilities, Weirdness & Mutations

You have hoof-like feet.


Message History

You hit the black bear but do no damage.
The black bear is severely wounded.
Your supernatural speed expires.
You spin and attack the black bear.
You hit the black bear but do no damage.
You kick the black bear.
The black bear is severely wounded.
The black bear goes berserk!
You spin and attack the black bear.
You closely miss the black bear. You kick the black bear.
The black bear is almost dead.
The black bear closely misses you. The black bear claws you.
The black bear claws you but does no damage.
The black bear barely misses you. The black bear claws you.
The black bear closely misses you.
You spin and attack the black bear.
You hit the black bear.
The black bear is almost dead.
The black bear bites you.
The black bear claws you but does no damage. x2
You spin and attack the black bear.
You hit the black bear. You kick the black bear.
The black bear is almost dead.
The black bear bites you!
* * * LOW HITPOINT WARNING * * *
The black bear barely misses you. x2
The black bear bites you but does no damage.
The black bear misses you.
The black bear claws you but does no damage.
Okay, then.
The black bear bites you.
* * * LOW HITPOINT WARNING * * *
The black bear barely misses you. The black bear claws you.
* * * LOW HITPOINT WARNING * * *
Okay, then.
You spin and attack the black bear.
You hit the black bear but do no damage.
You kick the black bear, but do no damage.
The black bear is almost dead.
The black bear bites you.
You die...

# #. #.########
#........# ..
#........#### ...
#.....@.....# ....
#.....h..##'###....
#..............#
#.#+#####......#
#.#.# #......#
#.#.# ###'#### ##
#.#.# #.# ..
#.#.#######.#
###.#......##.#


You could see a black bear (berserk).

Vanquished Creatures
  An adder (D:3)
  A worm (D:2)
  3 orcs (D:3)
  7 ball pythons
  4 bats
  5 endoplasms
  A giant cockroach (D:2)
  4 goblins
  3 hobgoblins
  7 jackals
  6 kobolds
  2 quokkas (D:1)
  3 frilled lizards
  3 rats (D:1)
50 creatures vanquished.

Notes
Turn   | Place    | Note
-------+----------+-------------------------------------------
     0 | D:1      | Glokmah the Demonspawn Monk began the quest for the Orb.
     0 | D:1      | Reached XP level 1. HP: 18/18 MP: 1/1
   154 | D:1      | Found a faded altar of an unknown god.
   180 | D:1      | Became a worshipper of the Wu Jian Council
   180 | D:1      | Reached * piety under Wu Jian
   180 | D:1      | Reached ** piety under Wu Jian
   207 | D:1      | Gained mutation: You have large cloven feet. [demonic
                  | ancestry]
   207 | D:1      | Reached XP level 2. HP: 20/24 MP: 2/2
   379 | D:1      | Reached *** piety under Wu Jian
   499 | D:1      | Reached skill level 1 in Armour
  1202 | D:2      | Gained mutation: You have hoof-like feet. [demonic
                  | ancestry]
  1202 | D:2      | Reached XP level 3. HP: 26/29 MP: 3/3
  1238 | D:2      | Found Iniejub's Book Shop.
  1971 | D:2      | Noticed a water moccasin
  3388 | D:3      | Reached skill level 1 in Short Blades
  3388 | D:3      | Reached XP level 4. HP: 32/37 MP: 4/4
  3454 | D:3      | Noticed Grinder
  3790 | D:3      | Noticed a black bear
  3813 | D:3      | Slain by a black bear

Illustrated notes

Levels and vault maps discovered:
D:1:      lightli_arrival_maybe_door_vault, layout_loops_ring,
          ebering_ecumenical_altar_petrified
D:2:      layout_basic, serial_shops, shop, minmay_heptomino_l4
D:3:      layout_basic, lemuel_coloured_pillars_altar, serial_shops,
          nicolae_shop_trees, minivault_27, amcnicky_mini_pool_small,
          uniq_grinder

Skill      XL: |  1  2  3 |
---------------+----------+-----
Armour         | 1 |  1.7
Stealth        | 2 |  2.1
Short Blades   | 1 |  1.1
Fighting       | |  3.7
Axes           | |  2.9
Dodging        | |  2.6

Action                   |  1- 3 |  4- 6 || total
-------------------------+-------+-------++-------
Melee: Hand axe          |    63 |       ||    63
       Kick              |    35 |    15 ||    50
       Dagger            |    93 |    33 ||   126
Throw: Dart              |       |     3 ||     3
Invok: Lunge             |    13 |     4 ||    17
       Whirlwind         |     8 |    19 ||    27
       Serpent's Lash    |     1 |     2 ||     3
  Use: Scroll            |     6 |     2 ||     8
       Potion            |     2 |       ||     2
 Stab: Sleeping          |     4 |       ||     4
Armor: Ring mail         |    48 |    15 ||    63
       Robe              |     2 |       ||     2
Dodge: Dodged            |    72 |    25 ||    97

Table legend: (Time is in decaauts)
 A = Elapsed time spent in this place.
 B = Non-inter-level travel time spent in this place.
 C = Inter-level travel time spent in this place.
 D = Time resting spent in this place.
 E = Time spent auto-exploring this place.
 F = Levels seen in this place.
 G = Mean time per level.
                   A        B        C        D        E       F      G
               +--------+--------+--------+--------+--------+-----+--------+
         Total |   3821 |   3646 |    175 |    577 |   2522 |   3 | 1273.7 |
       Dungeon |   3821 |   3646 |    175 |    577 |   2522 |   3 | 1273.7 |
               +--------+--------+--------+--------+--------+-----+--------+

Top non-repeatable levels by time:
     D:2: 1707 daAuts
     D:1: 1188 daAuts
     D:3: 925 daAuts
